 Dungeon Crawl Stone Soup version 0.31-a0-859-g9dce7d3 (webtiles) character file.

Game seed: 6600871913845092546

13357 Seraphine the Protected (level 11, 0/82 HPs)
             Began as a Minotaur Fighter on Oct 9, 2023.
             Was an Elder of Wu Jian.
             Slain by a two-headed ogre
             ... wielding a +0 giant club of flaming
              (1 damage)
             ... in a volcano.
             The game lasted 00:33:46 (10034 turns).

Seraphine the Protected (Minotaur Fighter)         Turns: 10034, Time: 00:33:46

Health: 0/82       AC: 18    Str: 32    XL:     11   Next: 74%
Magic:  10/10      EV: 14    Int:  5    God:    Wu Jian [****..]
Gold:   496        SH:  6    Dex:  9    Spells: 10/10 levels left

rFire   + .          .
                       - Unarmed
rCold   . . .        b - +2 buckler
rNeg    . . .        a - +0 scale mail
rPois   .            (helmet restricted)
rElec   .            e - +2 cloak
rCorr   .            s - +2 pair of gloves
SInv    .            t - +0 pair of boots
Will    .....        (no amulet) Stlth
                     r - +6 ring of strength
HPRegen 0.33/turn    y - ring of protection from fire
MPRegen 0.12/turn

%: no passive effects
@: no status effects
A: horns 2, retaliatory headbutt
a: Renounce Religion, Wall Jump, Serpent's Lash


You were in a volcano.
You worshipped Wu Jian.
Wu Jian was greatly pleased with you.
You visited 2 branches of the dungeon, and saw 10 of its levels.
You also visited: Volcano.

You collected 496 gold pieces.

Inventory:

Armour
 a - a +0 scale mail (worn)
 b - a +2 buckler (worn)
 e - a +2 cloak (worn)
 s - a +2 pair of gloves (worn)
 t - a +0 pair of boots (worn)
Jewellery
 d - a ring of see invisible
 r - a +6 ring of strength (left hand)
 y - a ring of protection from fire (right hand)
Wands
 n - a wand of polymorph (14)
 x - a wand of paralysis (1)
 C - a wand of digging (3)
Scrolls
 g - a scroll of blinking {unknown}
 i - a scroll of noise {unknown}
 l - a scroll of immolation {unknown}
 p - a scroll of teleportation
 q - a scroll of poison {unknown}
 u - a scroll of fog {unknown}
 w - a scroll of fear {unknown}
 A - a scroll of brand weapon {unknown}
Potions
 c - 2 potions of brilliance
 f - a potion of haste {unknown}
 h - a potion of enlightenment
 j - a potion of lignification {unknown}
 k - a potion of curing
 m - 3 potions of degeneration
 o - a potion of mutation
 v - a potion of ambrosia {unknown}
 B - a potion of berserk rage {unknown}


   Skills:
 - Level 3.6 Fighting
 + Level 13.9 Armour
 * Level 12.3 Dodging
 - Level 3.6 Shields
 - Level 11.4 Unarmed Combat
 - Level 0.7 Evocations


You had 10 spell levels left.
You didn't know any spells.
Your spell library was empty.

Dungeon Overview and Level Annotations

Branches:
Dungeon (8/15)             Temple (0/1) D:6            Lair (2/5) D:8
Volcano (1/1)
  Swamp: Lair:2-3    Shoals: Lair:2-3     Snake: Lair:2-3    Spider: Lair:2-3

Altars:
Dithmenos
Elyvilon
Gozag
Okawaru
Qazlal
Sif Muna
Wu Jian
The Shining One

Annotations:
D:2 1 runed translucent door, Crazy Yiuf


Innate Abilities, Weirdness & Mutations

You have a pair of horns on your head.
You reflexively headbutt those who attack you in melee.


Message History

Aim: a two-headed ogre, wielding two +0 giant clubs of flaming (lightly wounded, chance to affect: 32%)
The two-headed ogre easily resists.
You punch the two-headed ogre!
Your headbutt misses the two-headed ogre.
The two-headed ogre is moderately wounded.
You block the two-headed ogre's attack. The two-headed ogre barely misses you.
You pummel the two-headed ogre!!
The two-headed ogre is severely wounded.
You hit the two-headed ogre. You headbutt the two-headed ogre!
The two-headed ogre is severely wounded.
The two-headed ogre hits you with a +0 giant club of flaming!
* * * LOW HITPOINT WARNING * * *
The two-headed ogre burns you.
* * * LOW HITPOINT WARNING * * *
The two-headed ogre hits you but does no damage.
You punch the two-headed ogre!
You kill the two-headed ogre!
The Council accepts your kill.
The two-headed ogre attacks as it pursues you!
The two-headed ogre hits you with a +0 giant club of flaming.
* * * LOW HITPOINT WARNING * * *
The two-headed ogre misses you.
You feel better. The two-headed ogre barely misses you.
The two-headed ogre closely misses you.
You barely miss the two-headed ogre. You pummel the two-headed ogre!!
The two-headed ogre is moderately wounded.
The two-headed ogre hits you with a +0 giant club of flaming!
* * * LOW HITPOINT WARNING * * *
The two-headed ogre burns you.
* * * LOW HITPOINT WARNING * * *
The two-headed ogre closely misses you.
You hit the two-headed ogre but do no damage.
The two-headed ogre is moderately wounded.
You hit the two-headed ogre. You headbutt the two-headed ogre!
The two-headed ogre is heavily wounded.
The two-headed ogre hits you with a +0 giant club of flaming!
* * * LOW HITPOINT WARNING * * *
The two-headed ogre burns you.
You die...

#..'..≈..+
≈≈#..'.....+
≈≈##.#8...8# #≈
≈≈§###.....###≈≈
#≈§≈≈≈.....§≈§≈§
##§≈§§8...8§§§≈≈
###§§.)..§§≈§≈≈
#§§.O..§§≈≈##
##≈8@..8§§≈#
##.....####
#.....# #8...8#
#.....# #.....#
#8...8# #.....#
#.....#


You could see a two-headed ogre.

Vanquished Creatures
  A two-headed ogre (Volcano)
  A boulder beetle (Lair:1)
  Amaemon (Lair:1)
  A cane toad (Lair:1)
  A torpor snail (Lair:1)
  An orange demon (Lair:1)
  5 komodo dragons
  2 rime drakes (Lair:1)
  A troll (D:8)
  5 blink frogs (Lair:1)
  Sigmund (D:3)
  A wyvern (D:8)
  23 yaks
  3 basilisks (Lair:1)
  A steam dragon (D:7)
  5 water moccasins
  2 orc warriors (D:8)
  3 ice beasts
  5 wolves (Lair:1)
  4 ogres
  2 phantoms
  A kobold brigand (D:6)
  15 bullfrogs
  2 hounds
  An orc priest (D:4)
  2 jellies
  A sleepcap (D:5)
  A gnoll bouda (D:7)
  Jessica (D:3)
  5 hell rats (Lair:1)
  5 iguanas
  3 orc wizards
  Ijyb (D:5)
  4 adders
  8 gnolls
  3 white imps
  An ufetubus (D:5)
  3 worms
  2 dart slugs
  25 orcs
  5 endoplasms
  3 giant cockroaches
  6 goblins
  3 hobgoblins
  2 jackals (D:1)
  3 quokkas
  5 ball pythons
  3 bats
  7 frilled lizards
  14 kobolds
  9 rats
213 creatures vanquished.

Notes
Turn   | Place    | Note
-------+----------+-------------------------------------------
     0 | D:1      | Seraphine the Minotaur Fighter began the quest for the Orb.
     0 | D:1      | Reached XP level 1. HP: 19/19 MP: 0/0
   122 | D:1      | Found a faded altar of an unknown god.
   195 | D:1      | Reached skill level 4 in Armour
   195 | D:1      | Reached skill level 1 in Dodging
   195 | D:1      | Reached XP level 2. HP: 26/26 MP: 1/1
   594 | D:2      | Reached XP level 3. HP: 31/31 MP: 2/2
  1074 | D:2      | Found a runed translucent door.
  1075 | D:2      | Noticed Crazy Yiuf
  1219 | D:3      | Noticed Jessica
  1222 | D:3      | Killed Jessica
  1241 | D:3      | Reached XP level 4. HP: 39/39 MP: 3/3
  1455 | D:3      | Noticed Sigmund
  1469 | D:3      | Killed Sigmund
  1470 | D:3      | Reached skill level 5 in Armour
  1470 | D:3      | Reached XP level 5. HP: 35/45 MP: 4/4
  1913 | D:4      | Reached XP level 6. HP: 51/51 MP: 5/5
  2024 | D:4      | Found a shadowy altar of Dithmenos.
  2046 | D:4      | Found an iron altar of Okawaru.
  2046 | D:4      | Found a white marble altar of Elyvilon.
  2050 | D:4      | Found an ornate altar of the Wu Jian Council.
  2063 | D:4      | Became a worshipper of the Wu Jian Council
  2110 | D:4      | Reached skill level 5 in Unarmed Combat
  2158 | D:4      | Found a stormy altar of Qazlal.
  2594 | D:4      | You fall into a shaft and drop 3 floors!
  2598 | D:7      | Identified the +7 hand axe "Qecriehagu" {heavy, rF++}
  2692 | D:6      | Noticed a yak
  2692 | D:6      | Noticed a yak
  2692 | D:6      | Noticed a yak
  2693 | D:6      | Noticed a yak
  2699 | D:7      | Killed a yak
  2700 | D:7      | Reached skill level 6 in Armour
  2700 | D:7      | Reached XP level 7. HP: 25/57 MP: 6/6
  2809 | D:6      | Noticed a yak
  2819 | D:7      | Killed a yak
  2834 | D:7      | Killed a yak
  2834 | D:7      | Reached * piety under Wu Jian
  2884 | D:7      | Killed a yak
  2885 | D:7      | Reached XP level 8. HP: 42/64 MP: 7/7
  3046 | D:6      | Reached skill level 5 in Dodging
  3051 | D:6      | Reached skill level 7 in Armour
  3264 | D:6      | Found an opulent altar of Gozag.
  3299 | D:6      | Found a staircase to the Ecumenical Temple.
  3898 | D:5      | Entered Level 5 of the Dungeon
  3898 | D:5      | Noticed Ijyb
  3904 | D:5      | Killed Ijyb
  4407 | D:5      | Reached XP level 9. HP: 67/70 MP: 8/8
  4456 | D:5      | Reached ** piety under Wu Jian
  4457 | D:5      | Reached skill level 8 in Armour
  4559 | D:5      | Found a glowing golden altar of the Shining One.
  5105 | D:7      | Reached skill level 10 in Unarmed Combat
  5264 | D:7      | Found a shimmering blue altar of Sif Muna.
  5336 | D:7      | Noticed a komodo dragon
  5352 | D:7      | Killed a komodo dragon
  6143 | D:8      | Reached skill level 9 in Armour
  6385 | D:8      | Noticed a troll
  6393 | D:8      | Killed a troll
  6937 | D:8      | Found a staircase to the Lair.
  7320 | Lair:1   | Entered Level 1 of the Lair of Beasts
  7392 | Lair:1   | Reached XP level 10. HP: 46/77 MP: 9/9
  7753 | Lair:1   | Reached skill level 10 in Armour
  7765 | Lair:1   | Reached *** piety under Wu Jian
  7884 | Lair:1   | Noticed a boulder beetle
  7904 | Lair:1   | Killed a boulder beetle
  7905 | Lair:1   | Reached skill level 11 in Armour
  8143 | Lair:1   | Noticed a torpor snail
  8150 | Lair:1   | Noticed a cane toad
  8251 | Lair:1   | Reached skill level 12 in Armour
  8552 | Lair:1   | Reached XP level 11. HP: 41/82 MP: 10/10
  8770 | Lair:1   | Reached skill level 10 in Dodging
  8779 | Lair:1   | Noticed Amaemon
  8799 | Lair:1   | Killed Amaemon
  9127 | Lair:1   | Reached skill level 13 in Armour
  9828 | Lair:1   | Reached **** piety under Wu Jian
  9915 | Lair:2   | Found a dark tunnel.
  9926 | Volcano  | Entered a volcano
  9942 | Volcano  | Noticed an ogre mage
  9942 | Volcano  | Paralysed by an ogre mage for 5 turns
 10013 | Volcano  | Found a burning altar of Makhleb.
 10015 | Volcano  | Noticed a two-headed ogre
 10019 | Volcano  | Noticed a two-headed ogre
 10028 | Volcano  | Killed a two-headed ogre
 10034 | Volcano  | HP: 1/82 [two-headed ogre/+0 giant club of flaming (7)]
 10034 | Volcano  | Slain by a two-headed ogre

Illustrated notes

Levels and vault maps discovered:
D:1:      amcnicky_arrival_abandoned_market, layout_rooms,
          shapermc_ecumenical_altar_ellora, dk_noncrumbling_3
D:2:      layout_rooms, chequers_decorated_corner, minmay_split_cup_small,
          uniq_crazy_yiuf_cottage
D:3:      layout_basic, uniq_sigmund, uniq_jessica
D:4:      layout_loops_cross, lemuel_doored_altar,
          chequers_temple_overflow_statue_of_worship,
          grunt_dithmenos_smoke_and_mirrors, sigmund_army
D:5:      layout_basic, nicolae_tso_swordbearing_angel, uniq_ijyb
D:6:      layout_basic, nicolae_gozag_cash_rules_everything_around_me,
          temple_fountains
D:7:      layout_cave_pools, kennysheep_mini, minmay_lizard_king
D:8:      layout_loops_corners, lair_entry_dummy
Lair:1:   layout_long_grid, pdpol_lair_neglected_garden, beast_lair_carwin_8,
          grunt_megastairs_2, uniq_amaemon
Lair:2:   layout_regular_city, shoals_dummy_entry,
          nicolae_volcano_entry_lava_flow, uniq_nergalle, uniq_erica
Volcano:  kennysheep_volcano_temple

Skill      XL: |  1  2  3  4  5  6  7  8  9 10 11 |
---------------+----------------------------------+-----
Armour         | 4 5 6 7 9 12 13 | 13.9
Dodging        | 1 2 3 4 6 7 9 12 | 12.3
Unarmed Combat | 3 4 6 7 9 11 | 11.4
Fighting       | |  3.6
Shields        | |  3.6
Evocations     | |  0.7

Action                     |  1- 3 |  4- 6 |  7- 9 | 10-12 || total
---------------------------+-------+-------+-------+-------++-------
  Melee: Unarmed           |    98 |   129 |   282 |   344 ||   853
         Headbutt          |    16 |    20 |    34 |    56 ||   126
Ability: Lunge             |       |     8 |    22 |    12 ||    42
         Whirlwind         |       |       |    50 |   110 ||   160
  Evoke: Wand              |       |       |     6 |     8 ||    14
    Use: Scroll            |     2 |     2 |    10 |     2 ||    16
         Potion            |       |     2 |     1 |     4 ||     7
 Armour: Scale mail        |    41 |    58 |   141 |   194 ||   434
  Dodge: Dodged            |    30 |    56 |    94 |   134 ||   314
  Block: Buckler           |    18 |    37 |    61 |    83 ||   199

Table legend: (Time is in decaauts)
 A = Elapsed time spent in this place.
 B = Non-inter-level travel time spent in this place.
 C = Inter-level travel time spent in this place.
 D = Time resting spent in this place.
 E = Time spent auto-exploring this place.
 F = Levels seen in this place.
 G = Mean time per level.
                   A        B        C        D        E       F      G
               +--------+--------+--------+--------+--------+-----+--------+
         Total |   9975 |   9551 |    424 |   3119 |   4307 |  11 |  906.8 |
       Dungeon |   7283 |   6883 |    400 |   1936 |   3765 |   8 |  910.4 |
          Lair |   2585 |   2561 |     24 |   1183 |    542 |   2 | 1292.5 |
       Volcano |    106 |    106 |      0 |      0 |      0 |   1 |  106.0 |
               +--------+--------+--------+--------+--------+-----+--------+

Top non-repeatable levels by time:
  Lair:1: 2498 daAuts
     D:8: 1364 daAuts
     D:7: 1204 daAuts
     D:5: 1069 daAuts
     D:6: 951 daAuts
     D:4: 794 daAuts
     D:3: 762 daAuts
     D:2: 684 daAuts
     D:1: 452 daAuts
 Volcano: 106 daAuts
  Lair:2: 87 daAuts
